 Dungeon Crawl Stone Soup version 0.30-a0-459-g9104f0fc43 (webtiles) character file.

Game seed: 10667571472086405361

315 funkygono the Firebug (level 6, -2/41 HPs)
             Began as a Demonspawn Fire Elementalist on Dec 15, 2022.
             Slain by an orc wizard
             ... wielding a +0 dagger
              (3 damage)
             ... on level 4 of the Dungeon.
             The game lasted 00:05:48 (4135 turns).

funkygono the Firebug (DsFE)                        Turns: 4135, Time: 00:05:49

Health: -2/41      AC:  4    Str:  7 (8)  XL:     6   Next: 19%
Magic:  9/11       EV: 12    Int: 17 (18) God:
Gold:   213        SH:  0    Dex: 12 (14) Spells: 2/12 levels left

rFire   . . .      SeeInvis .    s - +0 whip
rCold   . . .      Faith    .    (no shield)
rNeg    . . .      Spirit   .    a - +0 robe
rPois   .          Reflect  .    (helmet restricted)
rElec   .          Harm     .    (no cloak)
rCorr   .          Rampage  .    (no gloves)
Will    .....                    d - +1 pair of boots
Stlth   ++........               (no amulet)
HPRegen 0.26/turn                (no ring)
MPRegen 0.12/turn                (no ring)

@: no status effects
A: antennae 1, claws 1, weakness stinger 2
a: no special abilities


You were on level 4 of the Dungeon.
You visited 1 branch of the dungeon, and saw 5 of its levels.

You collected 213 gold pieces.

Inventory:

Hand Weapons
 s - a +0 whip (weapon)
Missiles
 u - a throwing net
Armour
 a - a +0 robe (worn)
 d - a +1 pair of boots (worn)
 l - a +1 helmet
Magical Staves
 r - a staff of poison
Jewellery
 m - a +6 ring of intelligence
 v - a ring of see invisible
Scrolls
 f - 2 scrolls of fear
 h - 2 scrolls of teleportation
 j - 2 scrolls of magic mapping
Potions
 b - 2 potions of brilliance {unknown}
 c - 2 potions of flight {unknown}
 e - 2 potions of degeneration
 g - a potion of haste {unknown}
 i - a potion of resistance {unknown}
 k - 2 potions of curing {unknown}
 n - a potion of ambrosia {unknown}
 o - a potion of berserk rage {unknown}
 p - 2 potions of mutation {unknown}
 q - a potion of might {unknown}
 w - a potion of magic


   Skills:
 + Level 0.3 Fighting
 + Level 0.8 Maces & Flails
 + Level 1.9 Dodging
 - Level 1.7 Stealth
 + Level 3.6 Spellcasting
 + Level 2.8 Conjurations
 + Level 4.6 Fire Magic


You had 2 spell levels left.
You knew the following spells:

 Your Spells              Type           Power      Damage    Failure   Level
a - Foxfire               Conj/Fire      60%        2x1d7     3%          1
b - Scorch                Fire           36%        2d7       3%          2
c - Kindle Blastsparks    Fire/Tloc/Air  16%        2d11      26%         3
d - Flame Wave            Conj/Fire      15%        2d7       34%         4

Your spell library contained the following spells:

 Spells                   Type           Power      Damage    Failure   Level
 Kiss of Death            Conj/Necr      28%        2d7       9%          1
 Inner Flame              Hex/Fire       10%        N/A       19%         3
 Confusing Touch          Hex            3%         N/A       43%         3
 Ozocubu's Armour         Ice            3%         N/A       43%         3
 Tukima's Dance           Hex            3%         N/A       43%         3
 Dispel Undead            Necr           3%         3d7       85%         4
 Passage of Golubria      Tloc           3%         N/A       85%         4
 Yara's Violent Unravell  Hex/Tmut       1%         3d3       99%         5
 Ozocubu's Refrigeration  Ice            1%         4d7       100%        7


Dungeon Overview and Level Annotations

Branches:
Dungeon (5/15)
 Temple: D:4-7

Altars:
Dithmenos
Gozag
Wu Jian

Shops:
D:2 ?


Innate Abilities, Weirdness & Mutations

You have a pair of small antennae on your head.
You have sharp fingernails.
You have a tail ending in a sharp stinger.


Message History

The foxfire hits the orc.
The orc is heavily wounded.
The orc barely misses you.
The orc wizard hits you but does no damage.
The orc priest hits you with a +0 flail.
You're too confused to move!
The orc closely misses you.
The orc priest calls down the wrath of Beogh upon you.
You barely resist.
The orc wizard hits you but does no damage.
The orc wizard attacks as you move away!
The orc wizard barely misses you. The orc priest barely misses you.
The orc attacks as you move away! The orc hits you with a +0 hand axe.
* * * LOW HITPOINT WARNING * * *
You feel less confused.
Casting: Foxfire (safe; 3% risk of failure)
Confirm with . or Enter, or press ? or * to list all spells.
You conjure some foxfire!
The orc hits you with a +0 hand axe.
* * * LOW HITPOINT WARNING * * *
The orc hits your foxfire with a +0 hand axe.
Casting: Foxfire (safe; 3% risk of failure)
Confirm with . or Enter, or press ? or * to list all spells.
You conjure some foxfire!
The foxfire hits the orc priest.
The orc priest is lightly wounded.
The foxfire hits the orc.
The orc is almost dead.
The orc hits you with a +0 hand axe.
* * * LOW HITPOINT WARNING * * *
The orc hits your foxfire with a +0 hand axe.
The orc priest hits you but does no damage.
The orc wizard barely misses you.
It was a potion of degeneration.
There was something very wrong with that liquid.
You feel weakened.
You feel dopey.
You feel clumsy.
The foxfire hits the orc priest.
The orc priest is heavily wounded.
The foxfire hits the orc.
You kill the orc!
The orc priest barely misses you.
The orc wizard hits you with a +0 dagger.
You die...

.....# #.........# ####.#
#.#######.# # #.###.#.....#.# #
#.#.....#.###.######## #
#.###.###.# #........# #
#.........# #.>......#
########.#######........#
.........# #.)o......#
...############.@o......#
...###............).....#
....................###.#
....................###'########
.............).................#
............(..................#
.....#'#######.................##
.....#.# #...................
####.#.# #....(..............


You could see an orc priest and an orc wizard.

Vanquished Creatures
  A phantom (D:4)
  The ghost of initializr the Magician, a weakling DEVM (D:3)
  A hound (D:4)
  A jelly (D:4)
  6 adders
  5 worms
  2 dart slugs
  4 orcs
  6 ball pythons
  7 endoplasms
  2 giant cockroaches (D:3)
  11 goblins
  10 hobgoblins
  A jackal (D:3)
  2 quokkas
  4 bats
  5 frilled lizards
  5 kobolds
  4 rats
78 creatures vanquished.

Vanquished Creatures (others)
  206 foxfires
206 creatures vanquished.

Grand Total: 284 creatures vanquished

Notes
Turn   | Place    | Note
-------+----------+-------------------------------------------
     0 | D:1      | funkygono the Demonspawn Fire Elementalist began the quest
                  | for the Orb.
     0 | D:1      | Reached XP level 1. HP: 13/13 MP: 3/3
   256 | D:1      | Discovered your monstrous ancestry.
   256 | D:1      | Gained mutation: You have sharp fingernails. [demonic
                  | ancestry]
   256 | D:1      | Reached XP level 2. HP: 19/19 MP: 1/5
   259 | D:1      | Learned a level 2 spell: Scorch
   261 | D:1      | Reached skill level 3 in Fire Magic
   705 | D:2      | Found Mos Waocw's Magic Scroll Shop.
   876 | D:2      | Found a faded altar of an unknown god.
  1010 | D:2      | Gained mutation: You have a small tail. [demonic ancestry]
  1010 | D:2      | Reached XP level 3. HP: 24/24 MP: 4/6
  1552 | D:3      | Found a shadowy altar of Dithmenos.
  1609 | D:3      | Found an opulent altar of Gozag.
  1725 | D:3      | Reached XP level 4. HP: 30/30 MP: 3/7
  1767 | D:3      | Found an ornate altar of the Wu Jian Council.
  2040 | D:3      | Found a runed translucent door.
  2192 | D:3      | Noticed initializr's ghost (weakling DEVM)
  2373 | D:3      | Found a runed translucent door.
  2647 | D:3      | Identified the +2 robe "Sazuini" {Stlth+}
  2723 | D:3      | Killed initializr's ghost
  2724 | D:3      | Reached skill level 4 in Fire Magic
  2724 | D:3      | Gained mutation: You have a pair of small antennae on your
                  | head. [demonic ancestry]
  2724 | D:3      | Reached XP level 5. HP: 15/35 MP: 5/9
  3048 | D:4      | Noticed a phantom
  3058 | D:4      | Killed a phantom
  3063 | D:4      | Learned a level 3 spell: Kindle Blastsparks
  3258 | D:4      | Gained mutation: You have a tail ending in a sharp stinger.
                  | [demonic ancestry]
  3258 | D:4      | Reached XP level 6. HP: 41/41 MP: 6/11
  4100 | D:4      | Learned a level 4 spell: Flame Wave
  4124 | D:5      | Entered Level 5 of the Dungeon
  4134 | D:4      | HP: 1/41 [orc/+0 hand axe (4)]
  4135 | D:4      | Slain by an orc wizard

Illustrated notes

Levels and vault maps discovered:
D:1:      erik_arrival_triangle_small, layout_rooms, chequers_garden
D:2:      layout_basic, serial_shops, shop_fountains,
          dreamdust_ecumenical_altar_statues, minmay_fractal_squares_gapless_5
D:3:      layout_loops_corners, nicolae_gozag_cash_rules_everything_around_me,
          mainiacjoe_overflow_catwalk_spiral, ebering_ghost_sewer_f,
          minmay_circle_x
D:4:      minmay_general_purpose_star, layout_basic
D:5:      layout_loops_ring, nemelex_dance_club_becter, hangedman_decor_points

Skill      XL: |  1  2  3  4  5 |
---------------+----------------+-----
Fire Magic     | 3 4 |  4.6
Conjurations   | 2 |  2.8
Spellcasting   | 3 |  3.6
Fighting       | |  0.3
Maces & Flails | |  0.8
Dodging        | |  1.9
Stealth        | |  1.7

Action                   |  1- 3 |  4- 6 || total
-------------------------+-------+-------++-------
Melee: Club              |     7 |       ||     7
       Whip              |       |     8 ||     8
       Punch             |       |     1 ||     1
 Cast: Foxfire           |    50 |    67 ||   117
       Scorch            |     5 |    15 ||    20
  Use: Potion            |       |     2 ||     2
       Scroll            |       |     5 ||     5
Armor: Robe              |     1 |     5 ||     6
Dodge: Dodged            |    14 |    17 ||    31

Table legend: (Time is in decaauts)
 A = Elapsed time spent in this place.
 B = Non-inter-level travel time spent in this place.
 C = Inter-level travel time spent in this place.
 D = Time resting spent in this place.
 E = Time spent auto-exploring this place.
 F = Levels seen in this place.
 G = Mean time per level.
                   A        B        C        D        E       F      G
               +--------+--------+--------+--------+--------+-----+--------+
         Total |   4141 |   4035 |    106 |    112 |   3408 |   5 |  828.2 |
       Dungeon |   4141 |   4035 |    106 |    112 |   3408 |   5 |  828.2 |
               +--------+--------+--------+--------+--------+-----+--------+

Top non-repeatable levels by time:
     D:3: 1385 daAuts
     D:4: 1261 daAuts
     D:2: 786 daAuts
     D:1: 705 daAuts
     D:5: 1 daAuts
